 Dungeon Sprint DCSS version 0.19-a0-376-gf780d9b (webtiles) character file.

1507 namelastname112 the Covert (level 8, -3/67 HPs)
             Began as a Vampire Enchanter on May 30, 2016.
             Was an Initiate of Dithmenos.
             Shot with a bolt by a yaktaur (17 damage)
             ... in the Dungeon (Sprint II: "The Violet Keep of Menkaure").
             The game lasted 00:02:47 (1978 turns).

namelastname112 the Covert (Vampire Enchanter)      Turns: 1978, Time: 00:02:47

Health: -3/67      AC:  3    Str:  7    XL:     8   Next: 53%
Magic:  16/19      EV: 18    Int: 17    God:    Dithmenos [......]
Gold:   729        SH:  0    Dex: 17    Spells: 5 memorised, 10 levels left

rFire  . . .     SeeInvis +     a - +1 dagger
rCold  + + .     Gourm    .     b - +1 robe
rNeg   + + +     Faith    .     (no shield)
rPois  +         Spirit   .     (no helmet)
rElec  .         Dismiss  .     (no cloak)
rCorr  .         Reflect  .     (no gloves)
SustAt .         Harm     .     (no boots)
MR     .....     NoTele   +     (no amulet)
Stlth  ++++......               (no ring)
                                (no ring)

@: regenerating slowly, not resistant to hostile enchantments, stealthy
A: fangs 3, see invisible, unbreathing
a: Bat Form, Renounce Religion


You were in the Dungeon.
You worshipped Dithmenos.
Dithmenos was noncommittal.
You were near bloodless.

You visited 1 branch You collected 729 gold pieces.

Inventory:

Hand Weapons
 a - a +1 dagger (weapon)
Armour
 b - a +1 robe (worn)
Scrolls
 j - a scroll of blinking
Potions
 g - a potion of haste
 h - 2 potions of magic
Books
 c - a book of Maledictions

   Spells                             Type                      Level
   a - Corona                         Hexes                        1
   b - Ensorcelled Hibernation        Hexes/Ice                    2
   c - Confuse                        Hexes                        3
   d - Tukima's Dance                 Hexes                        3
   e - Dazzling Spray                 Conjuration/Hexes            3


   Skills:
 + Level 7.0 Fighting
 + Level 8.7 Short Blades
 + Level 8.9 Dodging
 + Level 12.6 Stealth
 + Level 7.5 Spellcasting
 + Level 11.7 Hexes


You had 10 spell levels left.
You knew the following spells:

 Your Spells              Type           Power        Failure   Level  Hunger
a - Tukima's Dance        Hex            #####...     1%          3    ##.....
c - Dazzling Spray        Conj/Hex       ####..       3%          3    ##.....
d - Corona                Hex            #####..      1%          1    None
x - Confuse               Hex            #####...     1%          3    ##.....
z - Ensorcelled Hibernat  Hex/Ice        ####..       1%          2    None


Dungeon Overview and Level Annotations

Branches:
Dungeon (1/1)

Altars:
Cheibriados
Dithmenos
Elyvilon
Fedhas
Gozag
Hepliaklqana
Kikubaaqudgha
Makhleb
Nemelex Xobeh
Okawaru
Pakellas
Qazlal
Ru
Sif Muna
Trog
Ukayaw
Vehumet
Xom
Yredelemnul
Zin
The Shining One
Beogh
Jiyva
Lugonu


Innate Abilities, Weirdness & Mutations

You heal slowly.
You have razor-sharp teeth.
You have supernaturally acute eyesight. (SInv)
You can survive without breathing.


Message History

You take 23 damage, and have 4/64 hp.
MASSIVE DAMAGE!!
Your unstable footing causes you to fumble your attack.
The wasp completely misses you.
You hit the polar bear.
The polar bear is lightly wounded.
The polar bear is engulfed in a cloud of scalding steam.
The yaktaur shoots a bolt.
The bolt completely misses you.
You hear a sizzling splash.
The wasp stings you but does no damage.
You feel better. The wasp barely misses you.
You regained 9 hp, and now have 14/65 hp.
The polar bear growls angrily.
You hit the polar bear but do no damage.
The polar bear is lightly wounded.
The wasp closely misses you.
The polar bear falls into the lava!
The polar bear is incinerated.
Dithmenos accepts your kill.
Your Fighting skill increases to level 7!
The yaktaur shoots a bolt.
The bolt hits you!
You die...

####.#.####..## #..# c# ?)[
##.###'###.##..# +..# y#▓)!$$)
#...##.##.#.#..# #..# .#▓=%![?([
#'.<.'.##'..####..##.#▓??[$)(%
#...##.##..##...§###h.h##▓▓▓▓▓▓▓+
##.# #'###.##..§...≈c≈≈≈≈≈≈≈≈≈≈≈
#####.#####≈≈..§..≈#'########+##
#††#††#≈≈≈≈≈≈≈..≈#.._._...#§§≈
##.#.##≈≈≈≈≈≈@y§§#._._._..#≈≈§
##+##≈≈≈≈≈≈§≈≈§≈#_._._._.#§§≈
≈≈≈≈§§≈§≈≈≈≈≈#._._._._#§§t
+++#§≈§≈§§≈≈≈#.._._._.#§§≈
##§§≈###§§#..._._._#§t§ ##§≈
#§§#.._._._.#≈≈§ +§§
#≈≈#....._._#≈≈≈ #§≈
≈≈§≈##########≈≈≈
#####≈≈≈≈≈≈≈≈≈≈≈≈


You could see 2 polar bears, a yaktaur and a wasp.

Vanquished Creatures
  A polar bear (D)
  2 boulder beetles (D)
  4 neqoxecs (D)
  4 necrophages (D)
  4 worker ants (D)
15 creatures vanquished.

Vanquished Creatures (others)
  A crocodile (D)
1 creature vanquished.

Grand Total: 16 creatures vanquished

Notes
Turn   | Place    | Note
--------------------------------------------------------------
     0 | D        | namelastname112 the Vampire Enchanter began the quest for the Orb.
     0 | D        | Reached XP level 1. HP: 13/13 MP: 3/3
     1 | D        | Noticed a necrophage
     1 | D        | Noticed a necrophage
     1 | D        | Noticed a necrophage
     1 | D        | Noticed a necrophage
    11 | D        | Killed a necrophage
    11 | D        | Reached skill level 6 in Stealth
    11 | D        | Reached XP level 2. HP: 22/22 MP: 3/6
    11 | D        | Reached XP level 3. HP: 27/27 MP: 4/8
    11 | D        | Reached XP level 4. HP: 33/33 MP: 4/9
    17 | D        | Killed a necrophage
    17 | D        | Reached skill level 5 in Dodging
    17 | D        | Reached skill level 8 in Stealth
    17 | D        | Reached XP level 5. HP: 41/41 MP: 4/11
    25 | D        | Killed a necrophage
    25 | D        | Reached skill level 5 in Short Blades
    25 | D        | Reached skill level 9 in Stealth
    25 | D        | Reached skill level 5 in Spellcasting
    54 | D        | Killed a necrophage
    54 | D        | Reached XP level 6. HP: 19/49 MP: 10/14
   433 | D        | Learned a level 3 spell: Confuse
   437 | D        | Learned a level 3 spell: Dazzling Spray
   441 | D        | Learned a level 3 spell: Tukima's Dance
   444 | D        | Learned a level 2 spell: Ensorcelled Hibernation
   448 | D        | Reached skill level 5 in Fighting
   448 | D        | Reached skill level 10 in Stealth
   461 | D        | Noticed a neqoxec
   461 | D        | Noticed a neqoxec
   461 | D        | Noticed a neqoxec
   461 | D        | Noticed a neqoxec
   463 | D        | Killed a neqoxec
   463 | D        | Reached XP level 7. HP: 55/55 MP: 13/16
   469 | D        | Killed a neqoxec
   469 | D        | Reached skill level 11 in Stealth
   469 | D        | Reached skill level 10 in Hexes
   474 | D        | Killed a neqoxec
   484 | D        | Killed a neqoxec
   572 | D        | Noticed a boulder beetle
   572 | D        | Noticed a boulder beetle
   579 | D        | Killed a boulder beetle
   579 | D        | Reached skill level 12 in Stealth
   579 | D        | Reached XP level 8. HP: 64/64 MP: 8/18
   587 | D        | Killed a boulder beetle
   676 | D        | Found a hide-covered altar to Ukayaw.
   677 | D        | Found a corrupted altar of Lugonu.
   677 | D        | Found a basalt altar of Yredelemnul.
   678 | D        | Found a glowing silver altar of Zin.
   678 | D        | Found a sacrificial altar of Ru.
   678 | D        | Found a sparkling altar of Nemelex Xobeh.
   679 | D        | Found a deep blue altar of Sif Muna.
   679 | D        | Found a shimmering altar of Xom.
   679 | D        | Found a white marble altar of Elyvilon.
   680 | D        | Found an oddly glowing altar of Pakellas.
   680 | D        | Found a bloodstained altar of Trog.
   680 | D        | Found a blossoming altar of Fedhas.
   681 | D        | Found a roughly hewn altar of Beogh.
   681 | D        | Found an ancient bone altar of Kikubaaqudgha.
   681 | D        | Found a stormy altar of Qazlal.
   681 | D        | Found a hazy altar of Hepliaklqana.
   681 | D        | Found a glowing golden altar of the Shining One.
   682 | D        | Found a radiant altar of Vehumet.
   682 | D        | Found a shadowy altar of Dithmenos.
   684 | D        | Found a viscous altar of Jiyva.
   684 | D        | Found an iron altar of Okawaru.
   684 | D        | Found a burning altar of Makhleb.
   684 | D        | Noticed a polar bear
   685 | D        | Found an opulent altar of Gozag.
   685 | D        | Found a snail-covered altar of Cheibriados.
   685 | D        | Noticed a yaktaur
   691 | D        | Became a worshipper of Dithmenos the Shadowed
  1964 | D        | Noticed a polar bear
  1967 | D        | Noticed a polar bear
  1978 | D        | Killed a polar bear
  1978 | D        | Shot with a bolt by a yaktaur

Vault maps used:
D:        the_violet_keep_of_menkaure

Skill      XL: |  1  2  3  4  5  6  7  8 |
---------------+-------------------------+-----
Fighting       | 2 3 4 5 6 7 |  7.0
Short Blades   | 3 4 6 8 |  8.7
Dodging        | 4 5 6 7 8 |  8.9
Stealth        | 6 8 9 10 12 | 12.6
Spellcasting   | 3 4 5 6 7 |  7.5
Hexes          | 6 7 9 11 | 11.7

Action                   |  1- 3 |  4- 6 |  7- 9 || total
-------------------------+-------+-------+-------++-------
Melee: Dagger            |     4 |    46 |    26 ||    76
       Bite              |       |     3 |     4 ||     7
 Cast: Ensorcelled Hiber |       |     1 |       ||     1
       Confuse           |       |       |     9 ||     9
  Use: Potion            |     2 |     1 |     1 ||     4
 Stab: Sleeping          |       |     5 |     2 ||     7
       Confused          |       |       |     6 ||     6
Armor: Robe              |     1 |     4 |     4 ||     9
Dodge: Dodged            |     2 |    23 |    14 ||    39
